 Dungeon Crawl Stone Soup version 0.20.1-1-g8b1a95d (webtiles) character file.

211 tmwrnj the Shield-Bearer (level 5, -4/47 HPs)
             Began as a Hill Orc Fighter on Oct 3, 2017.
             Killed from afar by Eustachio (7 damage)
             ... with a wand of flame (?/48)
             ... on level 4 of the Dungeon.
             The game lasted 00:07:29 (3659 turns).

tmwrnj the Shield-Bearer (Hill Orc Fighter)         Turns: 3659, Time: 00:07:30

Health: -4/47      AC:  8    Str: 25    XL:     5   Next: 88%
Magic:  5/5        EV:  8    Int:  8    God:
Gold:   202        SH: 10    Dex: 10    Spells: 4/4 levels left

rFire    . . .     SeeInvis .   a - +0 flail
rCold    . . .     Gourm    .   c - +0 shield
rNeg     . . .     Faith    .   b - +0 scale mail
rPois    .         Spirit   .   (no helmet)
rElec    .         Reflect  .   (no cloak)
rCorr    .         Harm     .   (no gloves)
MR       .....                  j - +0 pair of boots
Stlth    ..........             (no amulet)
Regen    0.2/turn               (no ring)
MPRegen  0.1/turn               (no ring)

@: mighty
A: no striking features
a: no special abilities


You were on level 4 of the Dungeon.
You were hungry.

You visited 1 branch of the dungeon, and saw 4 of its levels.

You collected 202 gold pieces.

Inventory:

Hand Weapons
 a - a +0 flail (weapon)
Armour
 b - a +0 scale mail (worn)
 c - a +0 shield (worn)
 j - a +0 pair of boots (worn)
Jewellery
 o - an uncursed amulet of faith {unknown}
 x - an uncursed ring of poison resistance {unknown}
Wands
 v - a wand of random effects (19/48)
Scrolls
 e - 3 scrolls of identify {unknown}
 g - a scroll of magic mapping {unknown}
 k - 5 scrolls of remove curse {unknown}
 l - 4 scrolls of teleportation {unknown}
 n - a scroll of enchant weapon {unknown}
 p - a scroll of noise {unknown}
 q - a scroll of fear {unknown}
Potions
 d - a potion of might
 i - a potion of curing {unknown}
 m - a potion of lignification {unknown}
 r - a potion of experience {unknown}
 s - 2 potions of agility {unknown}
 t - a potion of flight {unknown}
 u - a potion of degeneration {unknown}
 w - a potion of haste {unknown}
Comestibles
 f - 5 bread rations
 h - a royal jelly
 z - 2 meat rations


   Skills:
 + Level 4.3 Fighting
 + Level 3.7 Maces & Flails
 + Level 4.4 Armour
 + Level 0.7 Dodging
 + Level 0.3 Stealth
 + Level 4.5 Shields


You had 4 spell levels left.
You didn't know any spells.

Dungeon Overview and Level Annotations

Branches:
Dungeon (4/15)
 Temple: D:4-7

Altars:
Ru
Vehumet

Annotations:
D:4 Eustachio


Message History

The bat hits you but does no damage. The bat barely misses you.
You block the bat's attack. Eustachio hits you but does no damage.
You sock Eustachio!
Eustachio is severely wounded.
The shadow imp disappears in a puff of smoke!
You block the bat's attack. x2; The bat hits you but does no damage.
You block Eustachio's attack. The bat hits you but does no damage.
The bat barely misses you.
Eustachio mumbles some strange words.
The bat barely misses you.
You closely miss Eustachio.
Eustachio is severely wounded.
You block the bat's attack. The bat hits you but does no damage.
You block the bat's attack. Eustachio hits you with a rapier.
* * * LOW HITPOINT WARNING * * *
You closely miss Eustachio.
Eustachio is severely wounded.
The bat hits you but does no damage. x2; You block the river rat's attack.
Eustachio zaps a wand.
The puff of flame hits you!
You die...

#...## ##5.##
##...#####.###
#####...##..##
#..........##
#........###
##.......##
#........#
#......@##
##....br@#
#...###b# #
#..## #.## ##
#### #..# ##.
##.# #.. #.##
#.. #..# #..
#######.# #..
###...###.##
##.


You could see Eustachio, a river rat and 2 bats.

Vanquished Creatures
  An orc wizard (D:4)
  A worker ant (D:4)
  5 adders
  2 oozes
  A worm (D:3)
  3 dart slugs
  4 leopard geckos
  4 orcs (D:4)
  9 bats
  A giant cockroach (D:2)
  7 goblins
  8 hobgoblins
  7 jackals
  15 kobolds
  A quokka (D:3)
  3 ball pythons
  6 frilled lizards
  6 rats
  A plant (D:2)
85 creatures vanquished.

Notes
Turn   | Place    | Note
-------+----------+-------------------------------------------
     0 | D:1      | tmwrnj the Hill Orc Fighter began the quest for the Orb.
     0 | D:1      | Reached XP level 1. HP: 19/19 MP: 1/1
   253 | D:1      | Reached XP level 2. HP: 27/27 MP: 2/2
   605 | D:1      | Reached XP level 3. HP: 33/33 MP: 3/3
  1017 | D:2      | Found a sacrificial altar of Ru.
  1201 | D:2      | Reached XP level 4. HP: 40/40 MP: 4/4
  2359 | D:3      | Reached XP level 5. HP: 46/46 MP: 5/5
  2583 | D:3      | Noticed a big kobold
  2583 | D:3      | Noticed a big kobold
  2901 | D:4      | Noticed Eustachio
  3123 | D:4      | Found a radiant altar of Vehumet.
  3659 | D:4      | Killed from afar by Eustachio

Skill      XL: |  1  2  3  4 |
---------------+-------------+-----
Fighting       | 4 |  4.3
Shields        | 4 |  4.5
Maces & Flails | 3 |  3.7
Armour         | 4 |  4.4
Dodging        | |  0.7
Stealth        | |  0.3

Action                   |  1- 3 |  4- 6 || total
-------------------------+-------+-------++-------
Melee: Flail             |   140 |   242 ||   382
  Use: Potion            |       |     1 ||     1
  Eat: Chunk             |     1 |     8 ||     9
Armor: Scale mail        |    72 |   127 ||   199
Dodge: Dodged            |    42 |   105 ||   147
Block: Shield            |    85 |   157 ||   242
